← All builds
Tech / Armada / Economy first / OBSERVED BUILD

Standard tech

Armada Tech (Eco) build order · Supreme Isthmus

Rushes T2 by 4:15, gets Advanced Metal Extractor around 5:28, hands off T2 constructors to Geo and the team, then scales eco and supplies the team's T2 needs through the rest of the game.

Usually first T2 con to Geo (83%)

#eco #t2 #team support · 1579 distinct matches · 255 players · 58% of Armada Tech games · team won 53% of 1874 · Recently observed

HOW TO PLAY IT

Key timing: T2 factory by 4:15

  1. Open 3 mex and heavy wind to fund a fast T2 rush.
  2. Put down Bot Lab, planning to eat it for reclaim soon after.
  3. Get Advanced Bot Lab up, hitting the T2 factory rush timing.
  4. Upgrade mex to Advanced Metal Extractor to lock in team metal income.
  5. Eat Advanced Bot Lab and keep sending cons to Geo and Pond.

Phase by phase

TYPICAL OF ITS 1579 GAMES
  1. 1
  2. 2
  3. 3
  4. 4
PLAY THE OPENING

Follow the example game's first 6:00 step by step: what to build now, what comes next, and where it goes. At 1× it keeps pace with your own game.

  1. 1

    Up to the Bot Lab

    Economy
    • Metal Extractor3Mex
    • Wind Turbine4Wind
    Order
    1. Bot LabBot Lab after 3 mex, 4 winddone ~1:18, middle half 1:13–1:32

    Some games also: energy storage (31%)

    By 1:01 in all: 3 mex · 4 wind

    The example game in this phase · 5 steps
    1. Mex ×3
    2. Wind ×4
    3. Energy storage
    4. Wind
    5. Bot LabBot Labdone 1:39 · typical 1:18
  2. 2

    Bot Lab to Advanced Bot Lab

    Economy
    • Metal Extractor1Mex
    • Wind Turbine8Wind
    • Energy Storage1Energy storage
    Order
    1. Advanced Bot LabAdvanced Bot Lab after 4 mex, 12 wind, 3 con turretdone ~4:16, middle half 4:04–4:30
    Builders
    • Construction Turret3 Con turret
    • Lazarus3 Lazarus
    • Construction Bot2 Con bot
    • Construction Bot1 Con bot for allies

    Some games also: converter (36%)

    By 3:18 in all: 4 mex · 12 wind · 1 energy storage · 3 con turret

    The example game in this phase · 14 steps
    1. Construction BotCon bot
    2. Construction BotCon botfor Air
    3. Converter
    4. Con turret
    5. LazarusLazarus
    6. Con turret
    7. Wind
    8. Mex
    9. Wind
    10. LazarusLazarus
    11. Construction BotCon bot
    12. Wind ×3
    13. Con turret
    14. Advanced Bot LabAdvanced Bot Labdone 3:46 · typical 4:16
  3. 3

    Advanced Bot Lab to 5:00

    Economy
    • Wind Turbine3Wind
    Order
    1. Bot LabEat Bot Lab
    Builders
    • Advanced Construction Bot1 T2 con bot for allies

    Some games also: converter (35%)

    By 5:00 in all: 4 mex · 15 wind · 1 converter · 1 energy storage · 3 con turret

    The example game in this phase · 12 steps
    1. Wind
    2. Bot LabEat Bot Labreclaimed for its metal
    3. Wind
    4. Advanced Construction BotT2 con botfor Geo
    5. Wind
    6. Advanced Metal ExtractorT2 mexdone 4:41 · typical 5:29
    7. Wind
    8. Converter ×2
    9. Wind
    10. Converter
    11. Advanced Construction BotT2 con botfor Air
    12. Wind
  4. 4

    5:00 to 10:00

    Economy
    • Wind Turbine43Wind
    • Energy Converter6Converter
    Builders
    • Butler9 Butler
    • Advanced Construction Bot4 T2 con bot for allies
    • Advanced Construction Bot1 T2 con bot

    Some games also: con turret (43%) · Butler for allies (36%)

    By 10:00 in all: 4 mex · 58 wind · 8 converter · 1 energy storage · 3 con turret

    The example game in this phase · 173 steps
    1. Wind
    2. Advanced Metal ExtractorT2 mex ×2
    3. Wind
    4. Advanced Metal ExtractorT2 mex
    5. ButlerButler ×2
    6. Advanced solar ×2
    7. Advanced Construction BotT2 con botfor Pond
    8. Wind ×2
    9. ButlerButler
    10. Wind
    11. ButlerButler
    12. Wind ×2
    13. ButlerButler
    14. Wind ×2
    15. ButlerButler
    16. Wind
    17. ButlerButler
    18. Wind ×14
    19. Advanced Construction BotT2 con botfor Geo sea
    20. Wind ×8
    21. Advanced Construction BotT2 con botfor Beach sea
    22. Wind ×4
    23. Advanced Construction BotT2 con bot
    24. Wind ×7
    25. ButlerButler
    26. Wind ×3
    27. GunslingerGunslingerfor Ponddone 9:20
    28. Wind ×6
    29. T2 converter
    30. Wind ×4
    31. ButlerButler
    32. Wind ×8
    33. GhostGhost
    34. Converter
    35. HoundHoundfor Pond
    36. Wind ×9
    37. Converter
    38. Wind ×3
    39. ArchangelArchangeldone 10:21
    40. Wind ×7
    41. Converter
    42. Wind
    43. T2 converter
    44. Wind ×8
    45. Converter
    46. Wind ×8
    47. Metal storage
    48. Wind ×2
    49. Advanced Construction BotT2 con bot
    50. Wind ×2
    51. Converter
    52. Wind ×6
    53. Con turret
    54. Wind
    55. Advanced Bot LabEat Advanced Bot Labreclaimed for its metal
    56. Wind ×3
    57. Converter
    58. Wind ×4
    59. Con turret
    60. Wind ×3
    61. Con turret
    62. Wind ×3
    63. Converter
    64. Con turret
    65. Wind ×4
    66. Con turret
    67. Wind
    68. Con turret
    69. Wind ×3
    70. Con turret ×2
    71. Wind ×3
    72. Converter
    73. T2 converter
    74. Wind ×9
    75. Vehicle PlantVehicle Plantdone 12:10
    76. Converter
    77. Wind ×4
    78. Vehicle PlantVehicle Plantdone 12:16
    79. Wind ×6
    80. T2 converter
    81. BlitzBlitz ×2for Geo
    82. Wind ×2
    83. Converter
    84. Wind ×3
    85. BlitzBlitzfor Geo
    86. Wind
    87. JunoJuno
    88. Wind
    89. BlitzBlitzfor Geo
    90. Wind ×4
    91. BlitzBlitzfor Geo
    92. Converter
    93. Wind ×2
    94. BlitzBlitz ×2for Geo
    95. Wind ×2
    96. BlitzBlitz ×6for Geo
    97. Wind
    98. BlitzBlitzfor Geo
    99. Wind
    100. BlitzBlitzfor Geo
    101. Wind
    102. BlitzBlitz ×4for Geo
    103. Wind
    104. BlitzBlitzfor Geo
    105. Wind
    106. BlitzBlitz ×2for Geo
    107. Wind
    108. Converter
    109. BlitzBlitz ×2for Geo
    110. Wind
    111. BlitzBlitz ×3for Geo
    112. Wind
    113. BlitzBlitzfor Geo
    114. Wind ×2
    115. BlitzBlitz ×5for Geo
    116. Wind
    117. BlitzBlitzfor Geo
    118. Wind ×2
    119. BlitzBlitz ×3for Geo
    120. Wind
    121. BlitzBlitz ×3for Geo
    122. Wind
    123. BlitzBlitzfor Geo
    124. Converter
    125. BlitzBlitzfor Geo
    126. Wind
    127. BlitzBlitz ×2for Geo
    128. Wind
    129. BlitzBlitz ×2for Geo
    130. Wind
    131. BlitzBlitz ×2for Geo
    132. Wind ×2
    133. BlitzBlitzfor Geo
    134. Wind
    135. BlitzBlitz ×2for Geo
    136. Wind ×2
    137. BlitzBlitzfor Geo
    138. Converter
    139. BlitzBlitzfor Geo
    140. Wind
    141. BlitzBlitz ×2for Geo
    142. Wind ×2
    143. BlitzBlitz ×2for Geo
    144. Wind
    145. BlitzBlitzfor Geo
    146. Wind ×2
    147. BlitzBlitz ×3for Geo
    148. Wind
    149. BlitzBlitzfor Geo
    150. Converter
    151. BlitzBlitzfor Geo
    152. Wind ×2
    153. BlitzBlitz ×3for Geo
    154. Wind
    155. BlitzBlitz ×2for Geo
    156. Wind ×2
    157. BlitzBlitz ×2for Geo
    158. BlitzBlitz ×2
    159. Wind ×2
    160. T2 converter
    161. Wind ×2
    162. T2 converter
    163. Wind
    164. Converter
    165. Wind ×5
    166. CitadelAnti-nukenot finished by 15:00
    167. Wind ×5
    168. Converter
    169. Construction VehicleCon vehicle
    170. Con turret
    171. Wind ×7
    172. Con turret
    173. Wind

Counts are medians over the build's games: half of them build more, half fewer. The example game is Sdragona's (34 OS, 29/09/2026); pick another.

Team trades

IN AT LEAST 30% OF ITS GAMES

You hand over

  • Construction Bot1 Con bot to Airfirst at 2:23 · in 84% of games
  • Advanced Construction Bot5 T2 con bot to Air or Geo sea or Pondfirst at 4:50 · in 99% of games
  • Butler2 Butler to Geo sea or Beach sea or Pondfirst at 9:07 · in 42% of games

You get

  • Hercules1 Light transport from Airfirst at 4:01 · in 86% of games

How it plays out

Typical game of this build, running totals by minute

Metal produced

020k40k
0:005:0010:0015:00

metal

Enemy metal destroyed

050100
0:005:0010:0015:00

metal

Own metal lost

050100150
0:005:0010:0015:00

metal

1874 games.

Show as table
ByMetal produced: This buildEnemy metal destroyed: This buildOwn metal lost: This build
1:0038300
2:0091500
3:00165100
4:00314400
5:00484700
6:00580000
7:00722700
8:00906100
9:001117300
10:001350300
11:001624200
12:001965600
13:002344500
14:0027362073
15:003154285130
WHAT THE NUMBERS SAY

Standard Tech play barely fights at all early, instead pouring metal into T2 infrastructure and constructors for the team.

  • + Metal produced hits 31679 by 15:00, by far the highest of any role here.
  • + T2 factory reached in 97% of games by 4:15, fastest and most reliable T2 timing.
  • − Enemy metal destroyed stays at 0 through 10:00, no early offense at all.
  • − Own metal lost also near 0, showing total avoidance of combat risk.
THE EXAMPLE YOU ARE READING

Sdragona

34.0 OS · 29/09/2026

Open source match ↗

15 received units · includes a constructor
1384 metal received · 58134 energy received

Allied construction assistance is unknown. Timings are observations, not a promise of solo reproducibility.

Typical milestones

Bot Lab1:18Middle 50%: 1:13–1:32 · n=1874
Advanced Bot Lab4:16Middle 50%: 4:04–4:30 · n=1867
Advanced Metal Extractor5:29Middle 50%: 5:05–5:59 · n=1870

Played most by

Amrissa93games of this buildTheGeneraI66games of this buildAdeus57games of this buildEl_Turco56games of this buildKOT_43games of this build